AoeStats
← Nego D

Hill Fort

505334667Analyzed
2v2 RM · 23d ago on Sep 8, 2026· 53m 30s· 4 players
Game mode
Random Map
Map size
Medium (4 player)
Population
200
Speed
Normal
Resources
Standard
Victory
Conquest
Starting age
Dark Age
Ending age
Imperial Age
RankedLock teamsTeams togetherTeam positionsShared explorationLock speedFull tech treeHidden civsTurbo modeCheats
Victory
Defeat
🇦🇹 Mongols · Austria
1256
+15
🇪🇸 Gurjaras · Spain
1220
+16
🇧🇷 Huns · Brazil
1279
-17
🇦🇷 Britons · Argentina
1183
-14
{ST}Joker
6:58 Loom
9:01 Feudal Age
7:24 Loom
10:41 Double-Bit Axe
10:51 Fletching
20:58 Castle Age
19:09 Horse Collar
19:31 Padded Archer Armor
20:17 Gold Mining
21:06 Crossbowman
21:42 Bodkin Arrow
21:59 Bow Saw
23:22 Leather Archer Armor
24:37 Wheelbarrow
24:34 Ballistics
25:22 Heavy Plow
26:27 Hand Cart
37:08 Imperial Age
36:11 Gold Shaft Mining
35:27 Stone Mining
35:55 Town Watch
37:51 Bracer
37:25 Arbalester
39:08 Chemistry
38:05 Murder Holes
38:16 Siege Engineers
38:21 Masonry
39:39 Ring Archer Armor
40:10 Two-Man Saw
41:06 Conscription
41:35 Elite Skirmisher
44:31 Yeomen
44:47 Hoardings
45:20 Scale Barding Armor
45:26 Forging
47:33 Chain Barding Armor
47:49 Iron Casting
46:36 Light Cavalry
47:17 Husbandry
49:02 Plate Barding Armor
48:39 Warwolf
Nego D
0:27 Loom
9:40 Feudal Age
10:35 Man-at-Arms
13:26 Arson
15:00 Double-Bit Axe
14:57 Horse Collar
17:30 Gold Mining
20:35 Castle Age
19:46 Forging
21:00 Bloodlines
20:46 Stone Mining
23:58 Scale Barding Armor
24:34 Fletching
28:03 Chain Barding Armor
33:53 Iron Casting
33:48 Bow Saw
33:39 Heavy Plow
Roig
5:16 Loom
10:49 Feudal Age
16:26 Castle Age
14:37 Double-Bit Axe
14:36 Horse Collar
15:49 Fletching
16:00 Padded Archer Armor
18:32 Bodkin Arrow
18:42 Town Watch
22:39 Leather Archer Armor
27:05 Wheelbarrow
27:17 Bow Saw
28:14 Ballistics
29:06 Thumb Ring
29:47 Gold Mining
32:03 Hand Cart
32:47 Heavy Plow
37:19 Masonry
42:00 Imperial Age
40:46 Gold Shaft Mining
42:06 Kshatriyas
42:52 Bracer
45:17 Chemistry
46:35 Siege Elephant
48:27 Elite Elephant Archer
Multani
8:04 Feudal Age
9:04 Double-Bit Axe
15:46 Bloodlines
16:44 Loom
21:35 Castle Age
20:29 Scale Barding Armor
20:23 Horse Collar
21:06 Forging
22:20 Husbandry
22:41 Bow Saw
23:09 Husbandry
36:15 Gold Mining
36:33 Heavy Plow
37:15 Chain Barding Armor
43:07 Wheelbarrow
46:57 Imperial Age
45:11 Light Cavalry
47:18 Cavalier
48:43 Iron Casting
49:51 Hussar
53:23 Hand Cart
Connection lost

Rejoining the realm…

Still unreachable

The connection could not be restored.

Session expired

The server has moved on; the page needs a fresh start.